 Dungeon Crawl Stone Soup version 0.27.1-33-g824d729ab1 (webtiles) character file.

Game seed: 16908775421697993920

24 zeram the Sneak (level 3, -2/24 HPs)
             Began as an Octopode Brigand on Dec 25, 2021.
             Slain by a goblin (3 damage)
             ... on level 1 of the Dungeon.
             The game lasted 00:01:16 (804 turns).

zeram the Sneak (Octopode Brigand)                   Turns: 804, Time: 00:01:16

Health: -2/24      AC:  1    Str: 11    XL:     3   Next: 2%
Magic:  3/3        EV: 12    Int: 13    God:
Gold:   13         SH:  0    Dex: 13    Spells: 2/2 levels left

rFire    . . .     SeeInvis .   a - +2 dagger
rCold    . . .     Faith    .   (no shield)
rNeg     . . .     Spirit   .   (helmet restricted)
rPois    .         Reflect  .   (no amulet)
rElec    .         Harm     .   (no ring)
rCorr    .         Rampage  .   (no ring)
Will     .....                  (no ring)
Stlth    ++++......             (no ring)
HPRegen  0.08/turn              (no ring)
MPRegen  0.08/turn              (no ring)
                                (no ring)
                                (no ring)

@: no status effects
A: almost no armour, amphibious, 8 rings, camouflage 1, gelatinous body 1,
(nimble swimmer 1), tentacles
a: no special abilities


You were on level 1 of the Dungeon.
You visited 1 branch of the dungeon, and saw 1 of its levels.

You collected 13 gold pieces.

Inventory:

Hand Weapons
 a - a +2 dagger (weapon)
Missiles
 b - 8 poisoned darts (quivered)
 c - 2 curare-tipped darts
Scrolls
 f - a scroll of noise {unknown}
Potions
 d - a potion of mutation {unknown}
 e - a potion of brilliance {unknown}
 g - a potion of flight {unknown}


   Skills:
 - Level 2.0 Fighting
 - Level 2.0 Short Blades
 - Level 2.0 Throwing
 - Level 1.0 Dodging
 + Level 6.7 Stealth


You had 2 spell levels left.
You didn't know any spells.
Your spell library was empty.

Dungeon Overview and Level Annotations

Branches:
Dungeon (1/15)

Altars:


Innate Abilities, Weirdness & Mutations

You cannot wear most types of armour.
You are amphibious.
You can wear up to eight rings at the same time.
Your skin changes colour to match your surroundings (Stealth+).
Your rubbery body absorbs attacks. (AC +1, EV +1)
((You are camouflaged near water. (Stealth+)))
You have tentacles for arms and can constrict up to eight enemies at once.


Message History

You hit the bat but do no damage. You squeeze the bat.
You kill the bat!
You barely miss the ball python. You grab the ball python.
Your squeeze misses the ball python. You constrict the ball python.
The ball python misses you. The ball python grabs you.
The ball python constricts you.
* * * LOW HITPOINT WARNING * * *
You hit the ball python.
You kill the ball python!
You hit the hobgoblin. You grab the hobgoblin. You squeeze the hobgoblin.
The hobgoblin is severely wounded.
You constrict the hobgoblin, but do no damage.
The hobgoblin hits you.
* * * LOW HITPOINT WARNING * * *
You hit the hobgoblin but do no damage.
The hobgoblin is severely wounded.
You constrict the hobgoblin, but do no damage.
The hobgoblin completely misses you.
You hit the hobgoblin.
You kill the hobgoblin!
A bat comes into view.
You have reached level 3!
Your experience leads to an increase in your attributes!
Increase (S)trength, (I)ntelligence, or (D)exterity?
You feel stronger.
You barely miss the frilled lizard. Your grab misses the frilled lizard.
The frilled lizard bites you.
* * * LOW HITPOINT WARNING * * *
Unknown command.
You hit the frilled lizard.
You kill the frilled lizard!
You hit the goblin. Your grab misses the goblin.
The goblin is severely wounded.
The goblin hits you with a +0 dagger.
* * * LOW HITPOINT WARNING * * *
Unknown command.
You closely miss the goblin. Your grab misses the goblin.
The goblin is severely wounded.
The goblin hits you with a +0 dagger.
You die...

# #..# .## #..# ..
$.#...#
.#.##.#..######
......†........
........# ###.###b#
.. #g# . #@###
#.#...# #.###.#####..
###### #...........#
#.....# ##...........
#.....####...######..
#.....##...#..##
#.....##.####..#
#........# ##.#


You could see a goblin and a bat.

Vanquished Creatures
  A giant cockroach (D:1)
  2 goblins (D:1)
  5 hobgoblins (D:1)
  3 kobolds (D:1)
  2 quokkas (D:1)
  3 ball pythons (D:1)
  3 bats (D:1)
  2 frilled lizards (D:1)
21 creatures vanquished.

Notes
Turn   | Place    | Note
-------+----------+-------------------------------------------
     0 | D:1      | zeram the Octopode Brigand began the quest for the Orb.
     0 | D:1      | Reached XP level 1. HP: 14/14 MP: 1/1
    99 | D:1      | Reached XP level 2. HP: 5/19 MP: 2/2
   131 | D:1      | Reached skill level 6 in Stealth
   801 | D:1      | Reached XP level 3. HP: 5/24 MP: 3/3
   803 | D:1      | HP: 1/24 [goblin (1)]
   804 | D:1      | Slain by a goblin

Illustrated notes

Levels and vault maps discovered:
D:1:      sevenhm_arrival_forest_fort_large_2, layout_rooms,
          shapermc_ecumenical_altar_starsandcircs, serial_shops, shop,
          minmay_small_reverse_x

Skill      XL: |  1  2 |
---------------+-------+-----
Stealth        | 6 |  6.7
Fighting       | |  2.0
Short Blades   | |  2.0
Throwing       | |  2.0
Dodging        | |  1.0

Action                   || total
-------------------------++-------
Melee: Dagger            ||    56
       Tentacles         ||    10
       Constrict         ||    14
Throw: Dart              ||     1
 Stab: Sleeping          ||     1
Armor: Skin              ||     3
Dodge: Dodged            ||    31
